 Dungeon Crawl Stone Soup version 0.32-a0-19-g28bc0835a1 (console) character file.

Game seed: 14546818253345969739

24775 Ignak the Thaumaturge (level 13, -1/99 HPs)
             Began as a Gnoll Air Elementalist on Jan 17, 2024.
             Was a High Priest of Sif Muna.
             Slain by an ettin
             ... wielding a +0 dire flail
              (39 damage)
             ... on level 1 of the Orcish Mines.
             The game lasted 01:05:58 (16702 turns).

Ignak the Thaumaturge (Gnoll Air Elementalist)     Turns: 16702, Time: 01:05:59

Health: -1/99      AC: 15    Str:  8    XL:     13   Next: 15%
Magic:  1/26       EV: 24    Int: 17    God:    Sif Muna [*****.]
Gold:   977        SH:  6    Dex: 13    Spells: 2/31 levels left

rFire   . . .        a - +4 falchion (freeze)
rCold   . . .        g - +0 buckler
rNeg    . . .        E - +0 acid dragon scales
rPois   .            V - +0 hat
rElec   .            n - +0 cloak
rCorr   +            D - +1 pair of gloves {hurl}
SInv    .            v - +2 pair of boots {Stlth+}
Will    .....        m - amulet of regeneration
Stlth   +++++        F - ring of wizardry
HPRegen 1.16/turn    X - ring of the Hare {EV+10}
MPRegen 0.20/turn

%: wizardry (x1)
@: confusing by touch, about to teleport, marked
A: fangs 1, strong nose, distributed training, dopey 1
a: Renounce Religion, Channel Magic, Forget Spell, Divine Exegesis


You were on level 1 of the Orcish Mines.
You worshipped Sif Muna.
Sif Muna was extremely pleased with you.
You visited 3 branches of the dungeon, and saw 15 of its levels.
You also visited: Sewer, Ossuary and Ice Cave.

You collected 1321 gold pieces.
You spent 344 gold pieces at shops.

Inventory:

Hand Weapons
 a - a +4 falchion of freezing (weapon)
 b - a +1 falchion of holy wrath
 w - a +0 heavy broad axe
 Q - a +2 dagger of venom
 R - a +0 demon blade of protection
Missiles
 J - 2 poisoned darts (quivered)
Armour
 g - a +0 buckler (worn)
 n - a +0 cloak (worn)
 v - a +2 pair of boots of stealth (worn)
 D - a +1 pair of gloves of hurling (worn)
 E - +0 acid dragon scales (worn)
 V - a +0 hat (worn)
Jewellery
 f - a ring of wizardry
 m - an amulet of regeneration (around neck)
 s - a ring of wizardry
 t - a ring of poison resistance
 F - a ring of wizardry (left hand)
 K - a ring of protection from cold
 N - a ring of fire
 O - a ring of see invisible
 X - the ring of the Hare (right hand) {EV+10}
   (You found it in an ice cave)

   [ring of evasion]

   EV+10:     It affects your evasion (+10).
Wands
 j - a wand of roots (1)
 l - a wand of light (4)
 p - a wand of flame (17)
 M - a wand of polymorph (5)
 U - a wand of digging (5)
Scrolls
 e - 3 scrolls of fog
 k - 2 scrolls of poison
 o - 3 scrolls of revelation
 u - 7 scrolls of teleportation
 x - a scroll of silence
 A - a scroll of brand weapon
 C - a scroll of summoning
 G - a scroll of fear
 T - a scroll of identify
Potions
 c - 2 potions of haste
 d - 3 potions of lignification
 h - a potion of invisibility
 i - 6 potions of curing
 q - a potion of degeneration {unknown}
 r - a potion of brilliance
 y - 4 potions of magic
 z - 2 potions of resistance
 B - 3 potions of heal wounds
 I - a potion of enlightenment
 L - 2 potions of attraction
 S - a potion of mutation
Miscellaneous
 W - a phial of floods


   Skills:
 + Level 8.3 Fighting
 + Level 8.3 Short Blades
 + Level 8.3 Long Blades
 + Level 8.3 Axes
 + Level 8.3 Maces & Flails
 + Level 8.3 Polearms
 + Level 8.3 Staves
 + Level 8.3 Ranged Weapons
 + Level 8.3 Throwing
 + Level 8.3 Armour
 + Level 9.5 Dodging
 + Level 9.4 Stealth
 + Level 8.3 Shields
 + Level 8.3 Unarmed Combat
 + Level 9.8 Spellcasting
 + Level 7.3 Conjurations
 + Level 6.9 Hexes
 + Level 6.9 Summonings
 + Level 6.9 Necromancy
 + Level 6.9 Translocations
 + Level 6.9 Fire Magic
 + Level 6.9 Ice Magic
 + Level 8.9 Air Magic
 + Level 6.9 Earth Magic
 + Level 6.9 Alchemy
 + Level 9.1 Invocations
 + Level 8.3 Evocations
 + Level 7.6 Shapeshifting


You had 2 spell levels left.
You knew the following spells:

 Your Spells              Type           Power      Damage    Failure   Level
a - Shock                 Conj/Air       100%       1d9       1%          1
b - Swiftness             Air            38%        N/A       1%          3
c - Airstrike             Air            19%        2d(3-19)  1%          4
d - Confusing Touch       Hex            31%        N/A       1%          3
e - Dispel Undead         Necr           31%        3d14      4%          4
f - Arcjolt               Conj/Air       18%        1d28      8%          5
g - Conjure Ball Lightni  Conj/Air       18%        3x3d6     38%         6
t - Passwall              Erth           31%        N/A       1%          3

Your spell library contained the following spells:

 Spells                   Type           Power      Damage    Failure   Level
 Kiss of Death            Conj/Necr      100%       2d13      1%          1
 Static Discharge         Conj/Air       72%        3-6/arc   1%          2
 Frozen Ramparts          Ice            62%        1d10      1%          3
 Fugue of the Fallen      Necr           31%        N/A       1%          3
 Ozocubu's Armour         Ice            31%        N/A       1%          3
 Vhi's Electric Charge    Tloc/Air       70%        N/A       3%          4
 Animate Armour           Summ/Erth      62%        N/A       4%          4
 Brom's Barrelling Bould  Conj/Erth      32%        2d5       4%          4
 Leda's Liquefaction      Alch/Erth      15%        N/A       4%          4
 Manifold Assault         Tloc           31%        N/A       4%          4
 Petrify                  Alch/Erth      31%        N/A       4%          4
 Iskenderun's Battlesphe  Conj           33%        2d9       11%         5
 Fireball                 Conj/Fire      16%        3d8       12%         5
 Alistair's Intoxication  Alch           20%        N/A       13%         5
 Metabolic Englaciation   Hex/Ice        15%        N/A       13%         5
 Plasma Beam              Fire/Air       17%        2x1d29    41%         6
 Sculpt Simulacrum        Ice/Alch       15%        N/A       54%         6
 Orb of Destruction       Conj           16%        9d7       96%         7


Dungeon Overview and Level Annotations

Branches:
Dungeon (13/15)            Temple (1/1) D:4            Lair (0/5) D:9
    Orc (1/2) D:12          Sewer (visited)         Ossuary (visited)
  IceCv (visited)
 Vaults: D:13-14

Altars:
Ashenzari
Cheibriados
Dithmenos
Elyvilon
Fedhas
Gozag
Hepliaklqana
Kikubaaqudgha
Makhleb
Nemelex Xobeh
Okawaru
Qazlal
Ru
Sif Muna
Trog
Uskayaw
Vehumet
Wu Jian
Xom
Yredelemnul
Zin
The Shining One

Shops:
D:4 [   D:8 :   Orc:1 =


Innate Abilities, Weirdness & Mutations

You have very sharp teeth.
Your uncanny sense of smell can sniff out nearby items.
Your experience applies equally to all skills.
You are dopey. (Int -2)


Message History

Sif Muna accepts your kill.
The orc warrior is struck by an electric surge!
You kill the orc warrior!
Sif Muna accepts your kill. The orc warrior completely misses you.
Unknown command.
You hit the orc warrior but do no damage.
The orc warrior is lightly wounded.
You hit the orc warrior but do no damage.
You bite the orc warrior, but do no damage.
The orc warrior is lightly wounded.
The orc warrior hits you but does no damage.
You hit the ettin. You freeze the ettin.
The ettin is lightly wounded.
You block the orc warrior's attack. You block the ettin's attack.
The ettin hits you with a +0 dire flail!!
You hit the orc warrior but do no damage.
The orc warrior is lightly wounded.
The orc warrior misses you. The ettin completely misses you.
The ettin hits you with a +0 dire flail!!
Okay, then.
Okay, then.
Press: ? - help, v - describe, . - travel
Here: an orc warrior, wielding a +0 mace and wearing a +0 plate armour (lightly wounded)
The floor.
Unknown command.
Unknown command.
As you read the scroll of teleportation, it crumbles to dust.
You feel strangely unstable. The orc warrior misses you.
The ettin hits you with a +0 dire flail!
The ettin misses you.
Casting: Arcjolt (dangerous; 8% risk of failure)
Confirm with . or Enter, or press ? or * to list all spells.
Okay, then.
Casting: Arcjolt (dangerous; 8% risk of failure)
Confirm with . or Enter, or press ? or * to list all spells.
Your hands begin to glow red.
The orc warrior hits you with a +0 mace.
The ettin hits you with a +0 dire flail!!!
You die...

........o ##.....#...
........## #......###.
.........####........##
......................#
..............#......##
#.....).....#.#.....#
##.$...)....###..>...
###oC)..#### #......
#.@......# .....>.
#).......# .......
.......)........#
#.$.......##......
#.#.......##......∆
#....#### ##.... #.....
#.. ####.# ##


You could see an ettin and an orc warrior.

Vanquished Creatures
  Kirke (D:12)
  An orc warlord (D:12)
  A white draconian (IceCv)
  A centaur warrior (D:13)
  A two-headed ogre (D:9)
  2 ugly things
  3 cyclopes
  Maurice (D:8)
  2 ice statues (IceCv)
  10 slime creatures (D:12)
  A gargoyle (D:12)
  An unseen horror (D:10)
  A komodo dragon (D:12)
  The ghost of Leissi the Ducker, a novice DjHW (D:5)
  3 kobold demonologists
  A tengu conjurer (D:13)
  4 rime drakes (IceCv)
  2 trolls
  A hornet (D:9)
  A vampire (D:11)
  5 wraiths
  A wyvern (D:9)
  13 yaks
  2 shadows
  A warg (D:12)
  A basilisk (D:12)
  11 vampire mosquitoes
  3 water moccasins
  2 acid dragons
  Pargi (Sewer)
  2 ice beasts
  8 orc warriors
  4 sky beasts
  2 black bears
  5 ogres
  4 centaurs
  A phantom (D:5)
  An elf zombie (D:6)
  A kobold brigand (D:12)
  8 bullfrogs
  A brain worm (Sewer)
  2 gnoll sergeants
  An elf skeleton (D:6)
  13 scorpions
  14 wights
  4 lindwurm simulacra (IceCv)
  3 howler monkeys (D:7)
  3 bombardier beetles
  3 centaur zombies
  4 hounds
  3 komodo dragon simulacra (IceCv)
  3 human zombies (Ossuary)
  2 jellies
  8 orc priests
  2 gnoll boudas
  A bullfrog skeleton (D:5)
  A centaur skeleton (D:5)
  2 sleepcaps (D:6)
  Natasha (twice) (D:3)
  3 human skeletons (D:6)
  2 iguanas
  4 scorpion zombies (Ossuary)
  15 orc wizards
  A hound zombie (D:4)
  3 mummies (Ossuary)
  A howler monkey skeleton (D:4)
  A howler monkey zombie (D:5)
  5 acid dragon simulacra (IceCv)
  8 adders
  15 gnolls
  2 river rats (D:6)
  A shadow imp (D:8)
  9 steam dragon simulacra (IceCv)
  An adder skeleton (D:4)
  2 adder zombies
  2 dart slugs
  3 ribbon worms
  59 orcs
  6 endoplasms
  A giant cockroach (D:6)
  2 gnoll zombies (Ossuary)
  9 goblins
  14 hobgoblins
  4 quokkas
  10 ball pythons
  9 bats
  3 frilled lizards
  2 jackal zombies (Ossuary)
  12 kobolds
  An orc skeleton (D:6)
  An orc zombie (Ossuary)
  10 rats
408 creatures vanquished.

Notes
Turn   | Place    | Note
-------+----------+-------------------------------------------
     0 | D:1      | Ignak the Gnoll Air Elementalist began the quest for the
                  | Orb.
     0 | D:1      | Reached XP level 1. HP: 13/13 MP: 6/6
   148 | D:1      | Reached XP level 2. HP: 19/19 MP: 3/7
   217 | D:1      | Learned a level 2 spell: Static Discharge
   518 | D:1      | Reached skill level 5 in Spellcasting
   518 | D:1      | Reached XP level 3. HP: 16/25 MP: 3/9
   522 | D:1      | Learned a level 3 spell: Swiftness
   997 | D:2      | Reached skill level 1 in Invocations
  1065 | D:2      | Identified the +0 chain mail of the Distant Future {Str+4}
  1432 | D:3      | Reached skill level 1 in Fighting
  1432 | D:3      | Reached skill level 1 in Short Blades
  1432 | D:3      | Reached skill level 1 in Long Blades
  1432 | D:3      | Reached skill level 1 in Axes
  1432 | D:3      | Reached skill level 1 in Maces & Flails
  1432 | D:3      | Reached skill level 1 in Polearms
  1432 | D:3      | Reached skill level 1 in Staves
  1432 | D:3      | Reached skill level 1 in Ranged Weapons
  1432 | D:3      | Reached skill level 1 in Throwing
  1432 | D:3      | Reached skill level 1 in Armour
  1432 | D:3      | Reached skill level 1 in Shields
  1432 | D:3      | Reached skill level 1 in Unarmed Combat
  1432 | D:3      | Reached skill level 1 in Evocations
  1471 | D:3      | Noticed Natasha
  1479 | D:3      | Killed Natasha
  1480 | D:3      | Reached skill level 1 in Shapeshifting
  1480 | D:3      | Reached XP level 4. HP: 15/32 MP: 6/11
  1523 | D:3      | Reached skill level 1 in Hexes
  1523 | D:3      | Reached skill level 1 in Summonings
  1523 | D:3      | Reached skill level 1 in Necromancy
  1523 | D:3      | Reached skill level 1 in Translocations
  1523 | D:3      | Reached skill level 1 in Fire Magic
  1523 | D:3      | Reached skill level 1 in Ice Magic
  1523 | D:3      | Reached skill level 1 in Earth Magic
  1523 | D:3      | Reached skill level 1 in Alchemy
  1741 | D:3      | Reached XP level 5. HP: 8/37 MP: 3/12
  1902 | D:3      | Noticed Natasha
  1909 | D:3      | Killed Natasha
  2090 | D:3      | Found a faded altar of an unknown god.
  2235 | D:4      | Found a staircase to the Ecumenical Temple.
  2264 | Temple   | Entered the Ecumenical Temple
  2284 | Temple   | Became a worshipper of Sif Muna the Loreminder
  2336 | D:4      | Reached XP level 6. HP: 37/44 MP: 4/14
  2338 | D:4      | Reached skill level 5 in Dodging
  2519 | D:4      | Reached XP level 7. HP: 10/50 MP: 7/15
  2814 | D:4      | Reached * piety under Sif Muna
  3031 | D:4      | Found Keokebuu's Antique Armour Shoppe.
  3041 | D:4      | Bought a pair of runed boots for 172 gold pieces
  3410 | D:5      | Entered Level 5 of the Dungeon
  3460 | D:5      | Found a transporter.
  3470 | D:5      | Learned a level 4 spell: Airstrike
  3472 | D:5      | Noticed Leissi's ghost (novice DjHW)
  3682 | D:5      | Reached skill level 5 in Stealth
  3919 | D:5      | Reached XP level 8. HP: 51/58 MP: 16/16
  4225 | D:5      | Found a transporter.
  4388 | D:6      | Found a sand-covered staircase.
  4393 | Ossuary  | Entered an ossuary
  4590 | Ossuary  | Reached ** piety under Sif Muna
  4655 | Ossuary  | Reached XP level 9. HP: 64/65 MP: 18/18
  4861 | D:6      | Found a glowing drain.
  4872 | Sewer    | Entered a sewer
  4906 | Sewer    | Noticed Pargi
  4920 | Sewer    | Killed Pargi
  5022 | D:6      | Gained mutation: You occasionally lose the ability to read
                  | scrolls when taking damage. [potion of mutation]
  5022 | D:6      | Gained mutation: You have sharp toenails. [potion of
                  | mutation]
  5023 | D:6      | Lost mutation: You have sharp toenails. [potion of
                  | mutation]
  5023 | D:6      | Lost mutation: You occasionally lose the ability to read
                  | scrolls when taking damage. [potion of mutation]
  5023 | D:6      | Gained mutation: You are dopey. (Int -2) [potion of
                  | mutation]
  5291 | D:6      | Reached skill level 5 in Invocations
  5391 | D:4      | Bought a pair of glowing gloves for 172 gold pieces
  5697 | D:5      | Reached *** piety under Sif Muna
  5726 | D:5      | Learned a level 4 spell: Dispel Undead
  5730 | D:5      | Learned a level 3 spell: Confusing Touch
  5742 | D:5      | Killed Leissi's ghost
  5960 | D:6      | Found a sacrificial altar of Ru.
  5969 | D:6      | Found a blossoming altar of Fedhas.
  6409 | D:6      | Reached skill level 5 in Fighting
  6409 | D:6      | Reached skill level 5 in Short Blades
  6409 | D:6      | Reached skill level 5 in Long Blades
  6409 | D:6      | Reached skill level 5 in Axes
  6409 | D:6      | Reached skill level 5 in Maces & Flails
  6409 | D:6      | Reached skill level 5 in Polearms
  6409 | D:6      | Reached skill level 5 in Staves
  6409 | D:6      | Reached skill level 5 in Ranged Weapons
  6409 | D:6      | Reached skill level 5 in Throwing
  6409 | D:6      | Reached skill level 5 in Armour
  6409 | D:6      | Reached skill level 5 in Shields
  6409 | D:6      | Reached skill level 5 in Unarmed Combat
  6409 | D:6      | Reached skill level 5 in Evocations
  6409 | D:6      | Reached XP level 10. HP: 52/74 MP: 20/20
  7367 | D:7      | Reached skill level 5 in Conjurations
  7652 | D:8      | Noticed a cyan ugly thing
  7666 | D:8      | Killed a cyan ugly thing
  7667 | D:8      | Reached skill level 5 in Shapeshifting
  7797 | D:8      | Reached **** piety under Sif Muna
  7969 | D:8      | Found Fiuzxay's Book Emporium.
  8125 | D:8      | Noticed Maurice
  8143 | D:8      | Maurice stole a ring of fire
  8146 | D:8      | Something stole 136 gold
  8161 | D:8      | Something stole a +1 falchion of holy wrath
  8162 | D:8      | Killed Maurice
  8603 | D:9      | Noticed a two-headed ogre
  8610 | D:9      | Killed a two-headed ogre
  8611 | D:9      | Reached skill level 5 in Hexes
  8611 | D:9      | Reached skill level 5 in Summonings
  8611 | D:9      | Reached skill level 5 in Necromancy
  8611 | D:9      | Reached skill level 5 in Translocations
  8611 | D:9      | Reached skill level 5 in Fire Magic
  8611 | D:9      | Reached skill level 5 in Ice Magic
  8611 | D:9      | Reached skill level 5 in Earth Magic
  8611 | D:9      | Reached skill level 5 in Alchemy
  8611 | D:9      | Reached XP level 11. HP: 81/81 MP: 9/23
  8919 | D:9      | Found a staircase to the Lair.
  9494 | D:9      | Paralysed by a hornet for 3 turns
  9910 | D:10     | Entered Level 10 of the Dungeon
 10021 | D:10     | Found a hazy altar of Hepliaklqana.
 10078 | D:10     | Learned a level 5 spell: Arcjolt
 10231 | D:10     | Found a stormy altar of Qazlal.
 10381 | D:10     | Reached ***** piety under Sif Muna
 10495 | D:10     | Received a gift from Sif Muna
 10501 | D:10     | Got Sif Muna's Codex of Ashen Toxicity {god gift}
 10506 | D:10     | Learned a level 3 spell: Passwall
 11423 | D:11     | Noticed a cyclops
 11431 | D:11     | Killed a cyclops
 11589 | D:11     | Noticed a cyclops
 11596 | D:11     | Killed a cyclops
 12166 | D:12     | Reached XP level 12. HP: 79/91 MP: 15/24
 12167 | D:12     | Found a staircase to the Orcish Mines.
 12209 | D:12     | Found a frozen archway.
 12315 | IceCv    | Entered an ice cave
 12818 | IceCv    | Learned a level 5 spell: Fireball
 13581 | IceCv    | Noticed a white draconian
 13648 | IceCv    | Killed a white draconian
 13838 | IceCv    | Found the ring of the Hare {EV+10}
 15279 | D:13     | Noticed a centaur warrior
 15285 | D:13     | Killed a centaur warrior
 15387 | D:13     | Noticed Kirke
 15789 | D:12     | Killed Kirke
 15989 | D:12     | Reached XP level 13. HP: 93/98 MP: 26/26
 16283 | Orc:1    | Entered Level 1 of the Orcish Mines
 16290 | Orc:1    | Noticed an orc warlord
 16310 | D:12     | Learned a level 6 spell: Conjure Ball Lightning
 16391 | D:12     | Killed an orc warlord
 16478 | Orc:1    | Found Voul's Jewellery Boutique.
 16695 | Orc:1    | Noticed an ettin
 16702 | Orc:1    | Slain by an ettin

Illustrated notes

Levels and vault maps discovered:
D:1:      ldierk_walled_garden, layout_loops_cross, st_stairs_12,
          minmay_tromino_i2
D:2:      layout_basic, dk_noncrumbling_4, fountainhead, grunt_decor_cap
D:3:      layout_loops_cross, ebering_ecumenical_altar_sacrificial,
          hangedman_abyss_or_decor_lesser_grid, grunt_decor_mini_mirrors,
          uniq_natasha
D:4:      layout_basic, temple_fountains, serial_undead, serial_undead_f,
          serial_undead_b, serial_undead_e, serial_undead_b, serial_shops,
          nicolae_shop_hallway_stairs, roderic_lattice_a
D:5:      layout_loops_ring, gammafunk_ghost_mausoleum, hangedman_decor_growths,
          nicolae_figureground_sparkle
D:6:      layout_basic, mainiacjoe_overflow_swirl, portal_sewer_entry_e,
          nicolae_ossuary_entry_catacombs
D:7:      layout_cave_pools
D:8:      layout_cave_pools, serial_shops, shop, st_stairs_3, uniq_maurice
D:9:      layout_stronghold, due_lair_maze_entry_diamond
D:10:     layout_irregular_city, mainiacjoe_overflow_six_doors_small,
          lemuel_coloured_pillars_altar
D:11:     layout_loops_ring
D:12:     layout_roguey, david_orc_3, portal_ice_cave_entry_pillars_2
D:13:     layout_basic, uniq_kirke
Temple:   nicolae_temple_two_arcs
Orc:1:    cheibrodos_orc_bank, layout_diamond_mine, serial_shops, shop

Skill      XL: |  1  2  3  4  5  6  7  8  9 10 11 12 13 |
---------------+----------------------------------------+-----
Conjurations   | 2 3 4 5 6 7 |  7.3
Spellcasting   | 5 6 7 8 9 |  9.8
Invocations    | 1 2 3 4 5 6 7 8 9 |  9.1
Fighting       | 1 2 3 5 6 7 8 |  8.3
Short Blades   | 1 2 3 5 6 7 8 |  8.3
Long Blades    | 1 2 3 5 6 7 8 |  8.3
Axes           | 1 2 3 5 6 7 8 |  8.3
Maces & Flails | 1 2 3 5 6 7 8 |  8.3
Polearms       | 1 2 3 5 6 7 8 |  8.3
Staves         | 1 2 3 5 6 7 8 |  8.3
Ranged Weapons | 1 2 3 5 6 7 8 |  8.3
Throwing       | 1 2 3 5 6 7 8 |  8.3
Armour         | 1 2 3 5 6 7 8 |  8.3
Shields        | 1 2 3 5 6 7 8 |  8.3
Unarmed Combat | 1 2 3 5 6 7 8 |  8.3
Evocations     | 1 2 3 5 6 7 8 |  8.3
Shapeshifting  | 1 2 3 4 5 6 7 |  7.6
Hexes          | 1 2 3 4 5 6 |  6.9
Summonings     | 1 2 3 4 5 6 |  6.9
Necromancy     | 1 2 3 4 5 6 |  6.9
Translocations | 1 2 3 4 5 6 |  6.9
Fire Magic     | 1 2 3 4 5 6 |  6.9
Ice Magic      | 1 2 3 4 5 6 |  6.9
Earth Magic    | 1 2 3 4 5 6 |  6.9
Alchemy        | 1 2 3 4 5 6 |  6.9
Dodging        | 5 6 7 8 9 |  9.5
Stealth        | 5 6 7 8 9 |  9.4
Air Magic      | 6 7 8 |  8.9

Action                     |  1- 3 |  4- 6 |  7- 9 | 10-12 | 13-15 || total
---------------------------+-------+-------+-------+-------+-------++-------
  Melee: Unarmed           |     8 |       |       |    12 |       ||    20
         Short sword       |    19 |       |       |       |       ||    19
         Club              |     9 |       |       |       |       ||     9
         Punch             |     2 |       |       |       |       ||     2
         Dagger            |    31 |    79 |   176 |   292 |     2 ||   580
         Bite              |     4 |    13 |    48 |   115 |     7 ||   187
         Falchion          |       |       |   183 |   432 |    37 ||   652
         Demon blade       |       |       |       |    64 |       ||    64
         Broad axe         |       |       |       |    28 |       ||    28
  Throw: Dart              |       |       |       |    15 |     1 ||    16
   Cast: Shock             |    24 |     6 |    12 |     4 |     2 ||    48
         Static Discharge  |     4 |    15 |     9 |    30 |       ||    58
         Swiftness         |       |     1 |     1 |     7 |     1 ||    10
         Airstrike         |       |       |    12 |    43 |     3 ||    58
         Dispel Undead     |       |       |     3 |    40 |       ||    43
         Confusing Touch   |       |       |     1 |     8 |     2 ||    11
         Arcjolt           |       |       |       |    58 |    21 ||    79
         Fireball          |       |       |       |    13 |       ||    13
 Invoke: Channel Magic     |       |       |       |     1 |     1 ||     2
         Forget Spell      |       |       |       |     1 |     1 ||     2
  Evoke: Wand              |       |       |       |    20 |       ||    20
         Phial of floods   |       |       |       |     1 |       ||     1
    Use: Scroll            |       |       |    10 |     9 |     1 ||    20
         Potion            |       |       |     7 |     3 |       ||    10
   Stab: Sleeping          |     4 |     5 |    20 |     7 |       ||    36
         Confused          |       |       |     1 |     1 |       ||     2
         Distracted        |       |       |     1 |       |       ||     1
         Invisible         |       |       |       |     3 |       ||     3
 Armour: Robe              |    45 |    69 |   226 |   100 |       ||   440
         Ring mail         |       |       |       |   546 |       ||   546
         Acid dragon scale |       |       |       |    23 |    33 ||    56
         Skin              |       |       |       |     7 |       ||     7
  Dodge: Dodged            |    39 |    49 |   238 |   580 |    67 ||   973
  Block: Buckler           |     4 |    12 |    72 |   240 |    25 ||   353

Table legend: (Time is in decaauts)
 A = Elapsed time spent in this place.
 B = Non-inter-level travel time spent in this place.
 C = Inter-level travel time spent in this place.
 D = Time resting spent in this place.
 E = Time spent auto-exploring this place.
 F = Levels seen in this place.
 G = Mean time per level.
                   A        B        C        D        E       F      G
               +--------+--------+--------+--------+--------+-----+--------+
         Total |  16729 |  16323 |    406 |   2895 |   7131 |  18 |  929.4 |
       Dungeon |  14254 |  13862 |    392 |   2166 |   6998 |  13 | 1096.5 |
        Temple |     32 |     19 |     13 |      0 |      0 |   1 |   32.0 |
  Orcish Mines |    253 |    253 |      0 |      0 |    116 |   1 |  253.0 |
         Sewer |    117 |    117 |      0 |      0 |     15 |   1 |  117.0 |
       Ossuary |    390 |    390 |      0 |      0 |      0 |   1 |  390.0 |
      Ice Cave |   1680 |   1680 |      0 |    728 |      2 |   1 | 1680.0 |
               +--------+--------+--------+--------+--------+-----+--------+

Top non-repeatable levels by time:
    D:12: 1926 daAuts
   IceCv: 1680 daAuts
    D:11: 1676 daAuts
     D:6: 1425 daAuts
     D:9: 1340 daAuts
     D:5: 1239 daAuts
     D:4: 1223 daAuts
    D:10: 1141 daAuts
     D:8: 985 daAuts
     D:7: 927 daAuts
     D:3: 881 daAuts
     D:1: 876 daAuts
     D:2: 439 daAuts
 Ossuary: 390 daAuts
   Orc:1: 253 daAuts
